 Dungeon Crawl Stone Soup version 0.31-a0-319-g4fced400ed (webtiles) character file.

Game seed: 17911503573631077175

3145 Newt the Cleaver (level 9, -4/69 HPs)
             Began as a Demonspawn Gladiator on July 17, 2023.
             Was a Believer of Okawaru.
             Killed by divine providence
             ... invoked by an orc priest
              (11 damage)
             ... on level 8 of the Dungeon.
             The game lasted 00:08:59 (5975 turns).

Newt the Cleaver (Demonspawn Gladiator)             Turns: 5975, Time: 00:08:59

Health: -4/69      AC: 10    Str: 19    XL:     9   Next: 62%
Magic:  9/9        EV: 13    Int:  9    God:    Okawaru [**....]
Gold:   330        SH:  0    Dex: 15    Spells: 8/8 levels left

rFire   . . .        s - +1 hand axe (freeze)
rCold   . . .        (no shield)
rNeg    + . .        b - +0 leather armour
rPois   .            p - +2 helmet
rElec   .            y - +0 cloak
rCorr   .            (no gloves)
SInv    .            (no boots)
Will    .....        (no amulet)
Stlth   +            q - +4 ring of slaying
HPRegen 0.31/turn    d - ring of positive energy
MPRegen 0.11/turn

%: no passive effects
@: confused, brilliant, ambrosia-drunk
A: icy blue scales 2, ignite blood 1, spiny 2
a: Renounce Religion, Heroism


You were on level 8 of the Dungeon.
You worshipped Okawaru.
Okawaru was pleased with you.
You visited 2 branches of the dungeon, and saw 9 of its levels.
You also visited: Sewer.

You collected 330 gold pieces.

Inventory:

Hand Weapons
 a - a +0 rapier
 o - a +1 dagger of protection
 s - a +1 hand axe of freezing (weapon)
Missiles
 e - a javelin
 f - 10 poisoned darts
 v - a throwing net
 B - 3 boomerangs (quivered)
Armour
 b - a +0 leather armour (worn)
 c - a +1 helmet
 p - a +2 helmet (worn)
 y - a +0 cloak (worn)
Jewellery
 d - a ring of positive energy (right hand)
 h - a ring of see invisible
 q - a +4 ring of slaying (left hand)
 x - a ring of willpower
Wands
 A - a wand of roots (8)
 C - a wand of flame (30)
 D - a wand of paralysis (6)
Potions
 g - 2 potions of haste {unknown}
 i - a potion of attraction
 j - 2 potions of curing {unknown}
 k - 2 potions of brilliance
 l - a potion of degeneration {unknown}
 m - a potion of cancellation {unknown}
 n - a potion of ambrosia
 u - a potion of mutation {unknown}
 w - a potion of invisibility {unknown}
 z - a potion of heal wounds {unknown}
Miscellaneous
 t - a piece from Xom's chessboard (15/15)


   Skills:
 - Level 6.0 Fighting
 - Level 4.0 Short Blades
 + Level 9.3 Axes
 - Level 1.7 Throwing
 - Level 4.0 Armour
 - Level 4.0 Dodging
 - Level 2.0 Stealth


You had 8 spell levels left.
You didn't know any spells.
Your spell library contained the following spells:

 Spells                   Type           Power      Damage    Failure   Level
 Magic Dart               Conj           0%         1d3       43%         1
 Searing Ray              Conj           0%         2d4       56%         2
 Mephitic Cloud           Conj/Pois/Air  0%         N/A       80%         3
 Fulminant Prism          Conj/Hex       0%         3d5       99%         4
 Call Imp                 Summ           Unusable   N/A       N/A         2

Dungeon Overview and Level Annotations

Branches:
Dungeon (8/15)             Temple (1/1) D:6           Sewer (visited)
   Lair: D:8-11

Altars:
Cheibriados
Dithmenos
Fedhas
Gozag
Hepliaklqana
Kikubaaqudgha
Makhleb
Nemelex Xobeh
Okawaru
Qazlal
Ru
Sif Muna
Trog
Uskayaw
Vehumet
Wu Jian
Xom
Yredelemnul

Shops:
D:1 [


Innate Abilities, Weirdness & Mutations

You are mostly covered in icy blue scales. (AC +3)
Your demonic aura sometimes causes spilled blood to erupt in flames.
You are mostly covered in sharp spines.


Message History

The orc wizard hits you with a +0 dagger.
You slash the orc wizard! You freeze the orc wizard.
You kill the orc wizard!
Okawaru accepts your kill.
You start resting.
An orc warrior comes into view. It is wielding a +0 morningstar.
An orc warrior is nearby!
An orc priest comes into view. It is wielding a +0 mace.
The orc warrior shouts!
The orc warrior hits you with a +0 morningstar!
The orc priest shouts!
You hear a shout! x2
Things that are here:
a +0 dagger; a +0 robe You slash the orc warrior!
You freeze the orc warrior.
The orc warrior is moderately wounded.
You hit the orc warrior. You freeze the orc warrior.
The orc warrior is heavily wounded.
You hit the orc warrior. You freeze the orc warrior.
The orc warrior is severely wounded.
The orc warrior hits you with a +0 morningstar.
The centaur wields a +0 shortbow.
The centaur shoots an arrow.
The arrow hits you!
* * * LOW HITPOINT WARNING * * *
It was a potion of brilliance.
You feel clever all of a sudden.
The orc warrior is struck by your spines.
The orc warrior hits you with a +0 morningstar.
* * * LOW HITPOINT WARNING * * *
An orc comes into view. It is wielding a +0 whip.
The centaur shoots an arrow.
The arrow hits you.
* * * LOW HITPOINT WARNING * * *
The orc priest looks satisfied for a moment.
It was a potion of ambrosia.
You are confused.
You feel invigorated.
The centaur shoots an arrow.
The arrow hits you.
* * * LOW HITPOINT WARNING * * *
The orc warrior hits you but does no damage.
The orc priest mumbles some strange prayers to Beogh against you.
Beogh smites you!
You die...

# #.
#.################
.#.#...............<#
......†...###########
#........# #######..#
####..# #.@...#
#o###c# #. #!# #o
#......# #o #..###...
.. .S≈≈ #. ≈≈≈≈≈ #.
≈≈#+#≈≈ ≈≈ ≈≈#


You could see an orc warrior, a centaur, an orc priest and an orc.

Vanquished Creatures
  Grinder (D:4)
  A steam dragon (D:6)
  A water moccasin (D:8)
  An orc warrior (D:7)
  2 black bears
  An ogre (D:5)
  An ice beast (D:7)
  A phantom (D:6)
  2 kobold brigands
  5 scorpions
  4 bullfrogs
  2 jellies
  6 killer bees (D:7)
  2 howler monkeys
  10 hounds
  6 orc priests
  7 iguanas
  6 orc wizards
  3 sleepcaps
  6 adders
  A river rat (D:4)
  2 white imps (D:7)
  2 ufetubi
  4 worms
  A dart slug (D:4)
  15 orcs
  4 bats
  5 endoplasms
  13 giant cockroaches
  4 goblins
  5 hobgoblins
  4 jackals
  5 quokkas
  11 ball pythons
  7 frilled lizards
  17 kobolds
  12 rats
180 creatures vanquished.

Vanquished Creatures (others)
  A giant cockroach (D:4)
1 creature vanquished.

Grand Total: 181 creatures vanquished

Notes
Turn   | Place    | Note
-------+----------+-------------------------------------------
     0 | D:1      | Newt the Demonspawn Gladiator began the quest for the Orb.
     0 | D:1      | Reached XP level 1. HP: 16/16 MP: 1/1
    74 | D:1      | Gained mutation: Your demonic aura sometimes causes spilled
                  | blood to erupt in flames. [demonic ancestry]
    74 | D:1      | Reached XP level 2. HP: 18/23 MP: 2/2
   547 | D:1      | Gained mutation: You are partially covered in icy blue
                  | scales. (AC +2) [demonic ancestry]
   547 | D:1      | Reached XP level 3. HP: 29/29 MP: 3/3
   547 | D:1      | Found Ovylesm's Antique Armour Shoppe.
   714 | D:2      | Noticed a scorpion
   732 | D:2      | Killed a scorpion
   733 | D:2      | Gained mutation: You are partially covered in sharp spines.
                  | [demonic ancestry]
   733 | D:2      | Reached XP level 4. HP: 37/37 MP: 4/4
  1394 | D:2      | Found a faded altar of an unknown god.
  1967 | D:3      | Reached XP level 5. HP: 38/42 MP: 5/5
  2019 | D:4      | Noticed Grinder
  2033 | D:4      | Killed Grinder
  2034 | D:4      | Reached XP level 6. HP: 18/50 MP: 6/6
  2064 | D:4      | Found a basalt altar of Yredelemnul.
  2146 | D:4      | Reached skill level 5 in Fighting
  2161 | D:4      | Found a blossoming altar of Fedhas.
  2225 | D:4      | Found a glowing drain.
  2238 | Sewer    | Entered a sewer
  2435 | Sewer    | Gained mutation: You are mostly covered in icy blue scales.
                  | (AC +3) [demonic ancestry]
  2435 | Sewer    | Reached XP level 7. HP: 52/57 MP: 7/7
  2440 | Sewer    | Reached skill level 1 in Axes
  2735 | D:4      | Reached skill level 2 in Axes
  3040 | D:4      | Reached skill level 3 in Axes
  3254 | D:5      | Entered Level 5 of the Dungeon
  3457 | D:5      | Reached skill level 4 in Axes
  3483 | D:5      | Reached XP level 8. HP: 50/64 MP: 8/8
  3753 | D:5      | Reached skill level 5 in Axes
  4057 | D:6      | Reached skill level 6 in Axes
  4067 | D:6      | Found a staircase to the Ecumenical Temple.
  4068 | D:6      | Found an ancient bone altar of Kikubaaqudgha.
  4077 | Temple   | Entered the Ecumenical Temple
  4121 | Temple   | Became a worshipper of Warmaster Okawaru
  4300 | D:6      | Reached * piety under Okawaru
  4421 | D:6      | Found an opulent altar of Gozag.
  4514 | D:6      | Gained mutation: You are mostly covered in sharp spines.
                  | [demonic ancestry]
  4514 | D:6      | Reached XP level 9. HP: 69/69 MP: 9/9
  4940 | D:7      | Reached skill level 7 in Axes
  5127 | D:7      | Reached ** piety under Okawaru
  5216 | D:7      | Reached skill level 8 in Axes
  5238 | D:7      | Found a shimmering blue altar of Sif Muna.
  5449 | D:7      | Found a snail-covered altar of Cheibriados.
  5560 | D:7      | Found a shadowy altar of Dithmenos.
  5583 | D:7      | Reached skill level 9 in Axes
  5785 | D:7      | Found a burning altar of Makhleb.
  5786 | D:7      | Found a hazy altar of Hepliaklqana.
  5975 | D:8      | Killed from afar by an orc priest

Illustrated notes

Levels and vault maps discovered:
D:1:      minmay_arrival_stair_chambers, layout_basic, serial_shops,
          nicolae_shop_waterfront
D:2:      layout_basic, dilly_ecumenical_altar_fadedgnrine, corexii_corridor_pit
D:3:      layout_basic, nicolae_ashenzari_skybound, uniq_natasha
D:4:      layout_gridville, fedhas_altar_fruit_tree,
          mainiacjoe_overflow_alcove_4, portal_sewer_entry_e, uniq_grinder
D:5:      cheibrodos_iron_armory, layout_loops_ring
D:6:      layout_basic, nicolae_gozag_cash_rules_everything_around_me,
          nicolae_kikubaaqudgha_miasma_corner, minmay_temple_entry_trees
D:7:      layout_basic, nicolae_dithmenos_through_a_glass_darkly,
          gammafunk_temple_overflow_pools, lemuel_blue_sif_altar,
          chei_slow_surprise
D:8:      layout_basic, serial_shops, nicolae_shop_crystal,
          kennysheep_small_spiral, water_boxes_lemuel
Temple:   minmay_temple_forest_path

Skill      XL: |  1  2  3  4  5  6  7  8  9 |
---------------+----------------------------+-----
Fighting       | 3 4 5 6 |  6.0
Stealth        | 2 |  2.0
Dodging        | 3 4 |  4.0
Short Blades   | 4 |  4.0
Axes           | 4 6 9 |  9.3
Armour         | 4 |  4.0
Throwing       | |  1.7

Action                     |  1- 3 |  4- 6 |  7- 9 || total
---------------------------+-------+-------+-------++-------
  Melee: Rapier            |   104 |    64 |       ||   168
         Dagger            |       |   122 |     5 ||   127
         Hand axe          |       |       |   203 ||   203
         Punch             |       |       |     2 ||     2
  Throw: Dart              |     2 |     6 |       ||     8
         Throwing net      |     1 |     3 |       ||     4
    Use: Scroll            |       |     1 |     5 ||     6
         Potion            |       |       |     2 ||     2
   Stab: Sleeping          |       |     2 |    10 ||    12
         Held in net/web   |       |     3 |       ||     3
 Armour: Leather armour    |    32 |    63 |    58 ||   153
  Dodge: Dodged            |    72 |    74 |   105 ||   251

Table legend: (Time is in decaauts)
 A = Elapsed time spent in this place.
 B = Non-inter-level travel time spent in this place.
 C = Inter-level travel time spent in this place.
 D = Time resting spent in this place.
 E = Time spent auto-exploring this place.
 F = Levels seen in this place.
 G = Mean time per level.
                   A        B        C        D        E       F      G
               +--------+--------+--------+--------+--------+-----+--------+
         Total |   6012 |   5624 |    388 |    416 |   3891 |  10 |  601.2 |
       Dungeon |   5666 |   5355 |    311 |    416 |   3832 |   8 |  708.2 |
        Temple |     87 |     10 |     77 |      0 |      0 |   1 |   87.0 |
         Sewer |    257 |    257 |      0 |      0 |     59 |   1 |  257.0 |
               +--------+--------+--------+--------+--------+-----+--------+

Top non-repeatable levels by time:
     D:4: 1077 daAuts
     D:7: 998 daAuts
     D:2: 929 daAuts
     D:6: 812 daAuts
     D:5: 777 daAuts
     D:1: 695 daAuts
     D:3: 337 daAuts
   Sewer: 257 daAuts
  Temple: 87 daAuts
     D:8: 37 daAuts
